[Event "EICC 2021"]
[Site "Reykjavik"]
[Date "2021.08.29"]
[Round "4.29"]
[White "Vogel, Roven"]
[Black "Sivuk, Vitaly"]
[Result "1-0"]
[ECO "E67"]
[WhiteElo "2441"]
[BlackElo "2589"]
[Annotator "ChessBase"]
[PlyCount "80"]
[EventDate "2021.08.26"]
[EventType "swiss"]
[EventCountry "ISL"]
[Tiebreak "Cut1 Buchholz"]
[SourceTitle "playchess.com"]
[Source "ChessBase"]
[SourceQuality "1"]
[TimeControl "40/5400+30:1800+30"]

1. c4 Nf6 2. Nc3 g6 3. g3 Bg7 4. Bg2 O-O 5. d4 d6 6. Nf3 Nbd7 7. O-O e5 8. e4 Re8 9. h3 b6 10. d5 Nc5 11. Ne1 a5 12. Nc2 Rf8 13.
Bg5 h6 14. Be3 Nh7 15. Qd2 f5 16. f4 exf4 17. Bxf4 Ng5 18. Nd4 Qf6 19. Nc6 Ba6 20. e5 dxe5 21. Bxe5 Qf7 22. Rae1 Rae8 23. h4 Nh7 24. d6 cxd6 25. Bd5 dxe5 26. Bxf7+ Rxf7 27. Qd6 Rd7 28. Qxg6 Re6 29. Qxf5 Rxc6 30. Rd1 Nf8 31. Rxd7 Ncxd7 32. Nd5 Kh8 33. b3 Bb7 34. Qf7 Rg6 35. Ne7 Rxg3+ 36. Kh2 Rg2+ 37. Kh3 Bf6 38. Rxf6 Nxf6 39. Qxf6+ Kh7 40. Qxf8 Bc8+ 1-0

[Event "EICC 2021"]
[Site "Reykjavik"]
[Date "2021.08.29"]
[Round "4.30"]
[White "Juksta, Karolis"]
[Black "Can, Emre"]
[Result "1-0"]
[ECO "E20"]
[WhiteElo "2438"]
[BlackElo "2569"]
[Annotator "ChessBase"]
[PlyCount "99"]
[EventDate "2021.08.26"]
[EventType "swiss"]
[EventCountry "ISL"]
[Tiebreak "Cut1 Buchholz"]
[SourceTitle "playchess.com"]
[Source "ChessBase"]
[SourceQuality "1"]
[TimeControl "40/5400+30:1800+30"]

1. d4 Nf6 2. c4 e6 3. Nc3 Bb4 4. g3 O-O 5. Bg2 d5 6. Nf3 dxc4 7. O-O Nc6 8.
Qa4 Bd7 9. Bg5 a5 10. Bxf6 Qxf6 11. a3 Nb8 12. Nb5 Bd6 13. Qxc4 Bc6 14. Nxd6 cxd6 15. Rac1 Nd7 16. Qd3 Rfc8 17. Nd2 d5 18. Rc3 Qd8 19. Rfc1 Nf6 20. e3 Ne8 21. Bf1 Nd6 22. Qb1 Qe8 23. Bd3 g6 24. h4 Kg7 25. Qc2 Ba4 26. b3 Rxc3 27. Qxc3 Rc8 28. Qb2 Bb5 29. Bb1 a4 30. bxa4 Bxa4 31. Rc5 Bb5 32. Qc3 Ra8 33. Qb2 Ra6 34. Rc3 Bc4 35. e4 Qc6 36. Ba2 b5 37. Bb1 Qb6 38. e5 Nc8 39. Rf3 Ne7 40.
h5 Nc6 41. Rf4 Qa5 42. h6+ Kg8 43. Nxc4 dxc4 44. d5 Nd8 45. d6 Rc6 46. Rf3 f5 47. g4 Rc5 48. gxf5 Qe1+ 49. Kg2 Rxe5 50. Re3 1-0

[Event "EICC 2021"]
[Site "Reykjavik"]
[Date "2021.08.29"]
[Round "4.31"]
[White "Paichadze, Luka"]
[Black "Sokolovsky, Yahli"]
[Result "1-0"]
[ECO "B23"]
[WhiteElo "2564"]
[BlackElo "2415"]
[Annotator "ChessBase"]
[PlyCount "59"]
[EventDate "2021.08.26"]
[EventType "swiss"]
[EventCountry "ISL"]
[Tiebreak "Cut1 Buchholz"]
[SourceTitle "playchess.com"]
[Source "ChessBase"]
[SourceQuality "1"]
[TimeControl "40/5400+30:1800+30"]

1. e4 c5 2. Nc3 d6 3. d4 cxd4 4. Qxd4 Nc6 5. Qd2 g6 6. b3 Bh6 7. f4 Nf6 8. g3 e5 9. Nge2 Bg4 10. Bg2 O-O 11. Bb2 Qa5 12. O-O-O Rac8 13. Kb1 Rfd8 14. Rhf1 Bxe2 15. Qxe2 Nd4 16. Qe1 Bg7 17. Bh3 Rc6 18. Rf2 Qc7 19. g4 b5 20. Rxd4 Rxc3 21. fxe5 Nxe4 22. Rxe4 Rxh3 23. e6 fxe6 24. Rxe6 Be5 25. Bxe5 dxe5 26. Rxe5 Qd7 27. Kc1 h5 28. g5 b4 29. Re7 Qc6 30. Rf6 1-0

[Event "EICC 2021"]
[Site "Reykjavik"]
[Date "2021.08.29"]
[Round "4.32"]
[White "Koellner, Ruben Gideon"]
[Black "Dragnev, Valentin"]
[Result "0-1"]
[ECO "D02"]
[WhiteElo "2418"]
[BlackElo "2557"]
[Annotator "ChessBase"]
[PlyCount "152"]
[EventDate "2021.08.26"]
[EventType "swiss"]
[EventCountry "ISL"]
[Tiebreak "Cut1 Buchholz"]
[SourceTitle "playchess.com"]
[Source "ChessBase"]
[SourceQuality "1"]
[TimeControl "40/5400+30:1800+30"]

1. d4 Nf6 2. Nf3 g6 3. Nbd2 d5 4. e3 Bg7 5. b4 a5 6. b5 c5 7. bxc6 Nxc6 8. a4 O-O 9. Be2 Bf5 10. c3 Qc7 11. Ba3 Rfc8 12. Qb3 e5 13.
h3 exd4 14. cxd4 Bf8 15. Bxf8 Kxf8 16. Rc1 Qd8 17. O-O Nb4 18. Ne5 Bc2 19. Qa3 Qe7 20. Bd1 Bf5 21. Be2 Nd7 22. Nxd7+ Bxd7 23. Nb1 Qe8 24. Nc3 Kg7 25. Nb5 Bxb5 26. Bxb5 Qd8 27. Qb2 h5 28. Rfd1 h4 29. Qe2 Rxc1 30. Rxc1 Rc8 31. Rxc8 Qxc8 32. Qf3 Qc1+ 33. Kh2 Qc7+ 34. Kg1 Qc1+ 35. Kh2 Qc7+ 36. Kg1 f5 37. Qe2 Qc1+ 38. Kh2 Qc7+ 39. Kg1 Qc1+ 40. Kh2 Kf6 41. Qf3 Qc7+ 42. Kg1 Qc1+ 43. Kh2 Qc7+ 44. Kg1 Ke7 45. Kh1 Qc1+ 46. Kh2 Qc7+ 47. Kh1 Kd8 48. Kg1 Qd6 49. Qe2 Kc7 50. Qf3 Kc8 51. Be8 Kd8 52. Bb5 Na2 53. Bf1 Nc3 54. e4 Nxe4 55. Qe3 Kc7 56. Bb5 Kb8 57. f3 Ng3 58. Qg5 Qb4 59. Qf4+ Ka7 60. Kf2 Qb2+ 61. Ke1 Qxg2 62. Kd1 Qf2 63. Qd2 Qxd2+ 64. Kxd2 Nh5 65. Ke3 f4+ 66. Kd3 Nf6 67. Ke2 Kb6 68. Kd2 Kc7 69. Kc3 Nh7 70. Bf1 Ng5 71. Bg2 Kc6 72. Kb3 b6 73. Kc3 b5 74. axb5+ Kxb5 75. Bf1+ Kc6 76. Bg2 a4 0-1

[Event "EICC 2021"]
[Site "Reykjavik"]
[Date "2021.08.29"]
[Round "4.33"]
[White "Mazur, Stefan"]
[Black "Sanal, Vahap"]
[Result "1/2-1/2"]
[ECO "C84"]
[WhiteElo "2416"]
[BlackElo "2557"]
[Annotator "ChessBase"]
[PlyCount "92"]
[EventDate "2021.08.26"]
[EventType "swiss"]
[EventCountry "ISL"]
[Tiebreak "Cut1 Buchholz"]
[SourceTitle "playchess.com"]
[Source "ChessBase"]
[SourceQuality "1"]
[TimeControl "40/5400+30:1800+30"]

1. e4 e5 2. Nf3 Nc6 3. Bb5 a6 4. Ba4 Nf6 5. O-O Be7 6. d3 b5 7. Bb3 d6 8. Bd2 O-O 9. h3 a5 10. Nc3 a4 11. Bd5 Nxd5 12. exd5 Na7 13. d4 f6 14. Qe2 Qe8 15. Rfe1 Bb7 16. a3 Qf7 17. dxe5 fxe5 18. Bg5 Bf6 19. Rad1 h6 20. Bxf6 gxf6 21. Nh2 Qg6 22. Rd3 Kh8 23. Rg3 Qf5 24. Ng4 Qh7 25. Ne4 f5 26. Nxe5 dxe5 27. Nc5 Rae8 28. Nxb7 f4 29. Rg4 Rf5 30. Nc5 h5 31. Rh4 Rg8 32. Qf3 Qg6 33. Ne4 Nc8 34. Kh2 Nd6 35. g4 fxg3+ 36. Qxg3 Qh7 37. Qe3 Nxe4 38. Qxe4 Qg6 39. c3 Qg5 40. Qg4 Rxf2+ 41. Kh1 Qxg4 42. hxg4 Rxg4 43. Rxh5+ Kg7 44. Rhxe5 Rxb2 45. Re7+ Kg6 46.
Rxc7 Rh4+ 1/2-1/2

[Event "EICC 2021"]
[Site "Reykjavik"]
[Date "2021.08.29"]
[Round "4.35"]
[White "Unuk, Laura"]
[Black "Van Foreest, Lucas"]
[Result "0-1"]
[ECO "E66"]
[WhiteElo "2407"]
[BlackElo "2544"]
[Annotator "ChessBase"]
[PlyCount "126"]
[EventDate "2021.08.26"]
[EventType "swiss"]
[EventCountry "ISL"]
[Tiebreak "Cut1 Buchholz"]
[SourceTitle "playchess.com"]
[Source "ChessBase"]
[SourceQuality "1"]
[TimeControl "40/5400+30:1800+30"]

1. d4 g6 2. c4 Bg7 3. Nf3 d6 4. g3 c5 5. Bg2 Nc6 6. d5 Na5 7. O-O Nf6 8. Nc3 O-O 9. Nd2 e6 10. Rb1 exd5 11. cxd5 Bd7 12. b4 cxb4 13. Rxb4 Rc8 14. Bb2 Ng4 15. Qa1 f5 16. Nb5 Bxb2
17. Qxb2 Bxb5 18. Rxb5 Ne5 19. Qd4 b6 20. f4 Nec4 21. e4 Nxd2 22. Qxd2 fxe4 23. Rb4 Rc4 24. Bxe4 Qc7 25. Kh1 Re8 26. Bd3 Rxb4 27. Qxb4 Qc5 28. Qb5 Re3 29. f5 gxf5 30. Rxf5 Qxb5 31. Bxb5 Nb7 32. a4 Kg7 33. Kg2 Nc5 34. Rf4 h5 35. Kf2 Ra3 36. h4 a6 37. Be2 Kg6 38. g4 hxg4 39.
Rxg4+ Kf5 40. Rb4 Ne4+ 41. Kg2 Ra2 42. Kf3 Ra3+ 43. Kg2 a5 44.
Rxb6 Kf4 45. Rb2 Rxa4 46. h5 Ra3 47. Bb5 Rg3+ 48. Kf1 Nc3 49.
Bc6 Nd1 50. Rb8 Ne3+ 51. Ke2 Rh3 52. Ra8 Ke4 53. Re8+ Kd4 54.
Ra8 Nc4 55. Rh8 Ne5 56. Ra8 Rh2+ 57. Kf1 Ke3 58. Rf8 Rxh5 59. Rf6 Rh2 60. Kg1 Rc2 61. Re6 Kf3 62. Bb5 Rc1+ 63. Bf1 Kg3 0-1

[Event "EICC 2021"]
[Site "Reykjavik"]
[Date "2021.08.29"]
[Round "4.36"]
[White "Hillarp Persson, Tiger"]
[Black "Sousa, Andre Ventura"]
[Result "1/2-1/2"]
[ECO "D85"]
[WhiteElo "2543"]
[BlackElo "2405"]
[Annotator "ChessBase"]
[PlyCount "84"]
[EventDate "2021.08.26"]
[EventType "swiss"]
[EventCountry "ISL"]
[Tiebreak "Cut1 Buchholz"]
[SourceTitle "playchess.com"]
[Source "ChessBase"]
[SourceQuality "1"]
[TimeControl "40/5400+30:1800+30"]

1. d4 Nf6 2. c4 g6 3. Nc3 d5 4. Nf3 Bg7 5. cxd5 Nxd5 6. e4 Nxc3 7. bxc3 c5 8.
Be3 Qa5 9. Qd2 O-O 10. Rc1 Bg4 11. Ng5 Nc6 12. h3 cxd4 13. cxd4 Bd7 14. d5 Nb4 15. Bc4 b5 16. Bc5 bxc4 17. Bxb4 Qb6 18. Bc3 Bh6 19. f4 f6 20. Nf3 e5 21. dxe6 Bxe6 22. Nd4 Rae8 23. O-O Bc8 24. Rb1 Qa6 25. Rbe1 Bb7 26. Qc2 Rf7 27. f5 Qd6 28. Ne6 Qd3 29. Qa4 Rc8 30. Rf3 Qd6 31. Rd1 Qb6+ 32. Bd4 Qc6 33. Qa5 Qxe4 34. Bc5 Qe5 35. Rd8+ Rf8 36. Rd7 Rxc5 37. Qxa7 Be3+ 38. Rxe3 Qxe3+ 39. Kh2 Qe5+ 40. Kg1 Qe1+ 41. Kh2 Qe5+ 42. Kg1 Qe1+ 1/2-1/2

[Event "EICC 2021"]
[Site "Reykjavik"]
[Date "2021.08.29"]
[Round "4.37"]
[White "D`Costa, Lorin"]
[Black "Basso, Pier Luigi"]
[Result "1/2-1/2"]
[ECO "D23"]
[WhiteElo "2381"]
[BlackElo "2541"]
[Annotator "ChessBase"]
[PlyCount "153"]
[EventDate "2021.08.26"]
[EventType "swiss"]
[EventCountry "ISL"]
[Tiebreak "Cut1 Buchholz"]
[SourceTitle "playchess.com"]
[Source "ChessBase"]
[SourceQuality "1"]
[TimeControl "40/5400+30:1800+30"]

1. Nf3 d5 2. d4 Nf6 3. c4 c6 4. Qb3 dxc4 5. Qxc4 Bg4 6.
Nbd2 Nbd7 7. g3 e6 8. Bg2 Bd6 9. O-O O-O 10. Qb3 Nb6 11. Re1 a5 12. Ne5 a4 13. Qc2 Bh5 14. Ndc4 Nxc4 15. Nxc4 Bc7 16. e3 Nd7 17. Bd2 Bg6 18. Qd1 Qb8 19. b4 Rd8 20. Qc1 e5 21. Bc3 exd4 22. Bxd4 Ne5 23. Qc3 f6 24. h3 Bf7 25. Nd2 Nd7 26. a3 Nb6 27. Rad1 Qc8 28.
f4 Qe6 29. Kh2 Nc8 30. Ne4 Nd6 31. Nxd6 Rxd6 32. Bc5 Rdd8 33. e4 Qb3 34. Qc1 h5 35. h4 Be6 36. Be7 Re8 37. Bd6 Bb6 38. f5 Bf7 39. e5 fxe5 40.
Bxe5 Bf2 41. Qf4 Bxe1 42. Rxe1 Bd5 43. Qg5 Rxe5 44. Rxe5 Qb2 45. Rxd5 cxd5 46. f6 Qxf6 47. Bxd5+ Kf8 48. Qxh5 Rd8 49. Kh3 b6 50. Qh8+ Ke7 51. Qh5 Rd6 52. b5 Qf1+ 53. Bg2 Qf7 54. Qh8 Rd8 55. Qh7 Rd2 56. Qh8 Rd8 57. Qh7 g5 58. Qc2 gxh4 59. Qc7+ Rd7 60. Qxb6 Qf5+ 61. Kxh4 Qh7+ 62. Kg4 Qg7+ 63. Kh3 Qh8+ 64. Kg4 Qd4+ 65. Qxd4 Rxd4+ 66. Kf5 Rd3 67. b6 Kd6 68. b7 Kc7 69. g4 Rxa3 70. Bc6 Ra1 71. Bxa4 Rxa4 72. g5 Kxb7 73. g6 Kc6 74. g7 Ra8 75. Ke6 Rg8 76. Kf7 Rxg7+ 77. Kxg7 1/2-1/2

[Event "EICC 2021"]
[Site "Reykjavik"]
[Date "2021.08.29"]
[Round "4.39"]
[White "Stefansson, Vignir Vatnar"]
[Black "Petrov, Martin"]
[Result "1/2-1/2"]
[ECO "E01"]
[WhiteElo "2371"]
[BlackElo "2521"]
[Annotator "ChessBase"]
[PlyCount "92"]
[EventDate "2021.08.26"]
[EventType "swiss"]
[EventCountry "ISL"]
[Tiebreak "Cut1 Buchholz"]
[SourceTitle "playchess.com"]
[Source "ChessBase"]
[SourceQuality "1"]
[TimeControl "40/5400+30:1800+30"]

1. d4 Nf6 2. Nf3 e6 3. g3 d5 4. Bg2 Nbd7 5. c4 Bb4+ 6. Nbd2 O-O 7. O-O b6 8. Qa4 a5 9. Ne5 Bd6 10. Nxd7 Bxd7 11. Qc2 c5 12. dxc5 Bxc5 13. cxd5 Rc8 14. Qd3 Nxd5 15. Nb3 Nb4 16. Qd1 Be7 17. Nd4 e5 18. a3 exd4 19. axb4 Bxb4 20. Qxd4 Bb5 21. Qxd8 Rfxd8 22. Bf3 Kf8 23. Be3 Bc5 24. Bxc5+ Rxc5 25. b4 axb4 26. Rfb1 Bc4 27. Rxb4 b5 28. Rb2 Rc7 29. e3 Rcd7 30. Be2 Bxe2 31. Rxe2 Rd1+ 32. Rxd1 Rxd1+ 33. Kg2 Ke7 34. Rb2 Rd5 35. Kf3 Kd6 36. e4 Rc5 37. Ke3 Kc6 38. Kd3 Kb6 39. f4 Rc1 40. e5 g6 41. Kd4 Kc6 42. Kd3 h5 43.
Kd2 Rc5 44. Ra2 Kb6 45. Ra8 Kb7 46. Rd8 Rc7 1/2-1/2

[Event "EICC 2021"]
[Site "Reykjavik"]
[Date "2021.08.29"]
[Round "4.40"]
[White "Martinovic, Sasa"]
[Black "Aizenberg, Benny"]
[Result "1-0"]
[ECO "D78"]
[WhiteElo "2548"]
[BlackElo "2309"]
[Annotator "ChessBase"]
[PlyCount "61"]
[EventDate "2021.08.26"]
[EventType "swiss"]
[EventCountry "ISL"]
[Tiebreak "Cut1 Buchholz"]
[SourceTitle "playchess.com"]
[Source "ChessBase"]
[SourceQuality "1"]
[TimeControl "40/5400+30:1800+30"]

1. d4 Nf6 2. c4 g6 3. Nf3 Bg7 4. g3 c6 5. Bg2 d5 6. O-O O-O 7. Nc3 dxc4 8.
e4 b5 9. Qe2 Nbd7 10. Rd1 Bb7 11. e5 Nd5 12. e6 Nxc3 13. bxc3 Nb6 14. exf7+ Rxf7 15. Ng5 Rf6 16. Ne6 Qd7 17. Re1 Na4 18. Nxg7 Kxg7 19. Qxe7+ Qxe7 20. Rxe7+ Rf7 21. Bh6+ Kf6 22. Re5 g5 23. Rae1 Kg6 24. Bxg5 Nxc3 25. Re6+ Kxg5 26. R1e5+ Rf5 27. Rxf5+ Kxf5 28.
Bh3+ Kg5 29. f4+ Kh5 30. g4+ Kh4 31. Rh6# 1-0